 Dungeon Crawl Stone Soup version 0.20.0-15-g7f486f2 (webtiles) character file.

54 pib the Skirmisher (level 3, -2/30 HPs)
             Began as a Demonspawn Berserker on June 23, 2017.
             Was a Believer of Trog.
             Slain by a goblin
             ... wielding a +0 club
              (3 damage)
             ... on level 3 of the Dungeon.
             The game lasted 00:04:26 (1740 turns).

pib the Skirmisher (Demonspawn Berserker)           Turns: 1740, Time: 00:04:26

Health: -2/30      AC:  8    Str: 17    XL:     3   Next: 66%
Magic:  3/3        EV:  7    Int:  8    God:    Trog [**....]
Gold:   86         SH:  0    Dex: 13    Spells: 2/2 levels left

rFire    . . .     SeeInvis .   a - +0 mace
rCold    . . .     Gourm    .   (no shield)
rNeg     . . .     Faith    .   g - +0 chain mail
rPois    +         Spirit   .   (helmet restricted)
rElec    .         Reflect  .   (no cloak)
rCorr    .         Harm     .   (no gloves)
MR       .....                  (no boots)
Stlth    ..........             (no amulet)
Regen    0.1/turn               e - ring of poison resistance
MPRegen  0.1/turn               (no ring)

@: no status effects
A: antennae 1
a: Berserk, Trog's Hand, Burn Spellbooks, Renounce Religion


You were on level 3 of the Dungeon.
You worshipped Trog.
Trog was pleased with you.
You were not hungry.

You visited 1 branch of the dungeon, and saw 3 of its levels.

You collected 86 gold pieces.

Inventory:

Hand Weapons
 a - a +0 mace (weapon)
 b - a +0 hunting sling
 l - a +1 hunting sling of flaming
Missiles
 k - 71 stones (quivered)
Armour
 g - a +0 chain mail (worn)
 j - a +0 animal skin
Jewellery
 e - a ring of poison resistance (left hand)
 h - an uncursed ring of resist corrosion {unknown}
Scrolls
 d - 3 scrolls of fog {unknown}
 f - a scroll of remove curse {unknown}
 i - 3 scrolls of identify {unknown}
Comestibles
 c - 2 bread rations
 m - 9 chunks of flesh
 n - a royal jelly


   Skills:
 + Level 3.7 Fighting
 + Level 3.5 Maces & Flails
 - Level 1.7 Armour
 - Level 2.0 Dodging


You had 2 spell levels left.
You didn't know any spells.

Dungeon Overview and Level Annotations

Branches:
Dungeon (3/15)

Altars:
Nemelex Xobeh


Innate Abilities, Weirdness & Mutations

You have a pair of small antennae on your head.


Message History

The frilled lizard hisses angrily.
You hit the orc priest.
The orc priest is moderately wounded.
The orc priest completely misses you.
An orc comes into view. It is wielding a short sword.
You hit the orc priest.
The orc priest is heavily wounded.
The orc priest invokes the aid of Beogh against you.
Beogh smites you!
* * * LOW HITPOINT WARNING * * *
The orc priest hits you but does no damage.
You hit the orc priest but do no damage.
The orc priest is heavily wounded.
The orc priest hits you but does no damage.
You hit the orc priest.
The orc priest is heavily wounded.
The goblin hits you but does no damage.
You aren't carrying any potions.
The goblin hits you with a club.
You die...

...###.# ....#.#
.....#
###+#....### g
..........#
...#.#.)..#.#
#.......l.#.#####
#....#..g........
... #.<@.#.#### .
#.....o....#
#.####o###.# ...
.... ..## #.### .
#.. ###


You could see an orc priest, an orc, a goblin and a frilled lizard.

Vanquished Creatures
  2 worms (D:2)
  A dart slug (D:2)
  A leopard gecko (D:1)
  3 bats
  4 giant cockroaches (D:2)
  5 goblins
  9 hobgoblins
  3 jackals (D:2)
  A ball python (D:2)
  3 frilled lizards
  7 kobolds
  3 rats
42 creatures vanquished.

Vanquished Creatures (others)
  A rat (D:1)
1 creature vanquished.

Grand Total: 43 creatures vanquished

Notes
Turn   | Place    | Note
-------+----------+-------------------------------------------
     0 | D:1      | pib the Demonspawn Berserker began the quest for the Orb.
     0 | D:1      | Reached XP level 1. HP: 18/18 MP: 1/1
   419 | D:1      | Gained mutation: You have a pair of small antennae on your head. [demonic ancestry]
   419 | D:1      | Reached XP level 2. HP: 23/24 MP: 2/2
   556 | D:1      | Found a sparkling altar of Nemelex Xobeh.
   934 | D:2      | Reached XP level 3. HP: 13/29 MP: 3/3
  1276 | D:2      | Reached ** piety under Trog
  1737 | D:3      | HP: 1/30 [orc priest/divine providence (14)]
  1740 | D:3      | Slain by a goblin

Skill      XL: |  1  2 |
---------------+-------+-----
Dodging        | 2 |  2.0
Maces & Flails | 3 |  3.5
Fighting       | |  3.7
Armour         | |  1.7

Action                   || total
-------------------------++-------
Melee: Mace              ||   142
  Eat: Chunk             ||     3
Armor: Animal skin       ||    10
       Chain mail        ||    80
Dodge: Dodged            ||    68
